 Dungeon Crawl Stone Soup version 0.26-a0-712-ga5a9c9c9d0 (webtiles) character file.

Game seed: 3724101366364161315

23 kae the Insei (level 3, 0/20 HPs)
             Began as a Tengu Transmuter on Nov 13, 2020.
             Slain by a bat (1 damage)
             ... on level 2 of the Dungeon.
             The game lasted 00:00:30 (1199 turns).

kae the Insei (Tengu Transmuter)                    Turns: 1199, Time: 00:00:30

Health: 0/20       AC:  2    Str: 11    XL:     3   Next: 0%
Magic:  6/7        EV: 12    Int: 13    God:
Gold:   76         SH:  0    Dex: 14    Spells: 5/6 levels left

rFire    . . .     SeeInvis .     - Unarmed
rCold    . . .     Faith    .   (no shield)
rNeg     . . .     Spirit   .   a - +0 robe
rPois    .         Reflect  .   (helmet currently unavailable)
rElec    .         Harm     .   (no cloak)
rCorr    .         Rampage  .   (no gloves)
MR       .....                  (boots unavailable)
Stlth    +.........             (no amulet)
HPRegen  0.06/turn              (no ring)
MPRegen  0.10/turn              (no ring)

@: appendages (expiring), hasted, very quick
A: beak, horns 2, talons 3
a: End Transformation


You were on level 2 of the Dungeon.
You had grown temporary horns.
You visited 1 branch of the dungeon, and saw 2 of its levels.

You collected 76 gold pieces.

Inventory:

Armour
 a - a +0 robe (worn)
 e - a +1 pair of gloves
Scrolls
 b - 2 scrolls of identify {unknown}
Potions
 c - a potion of haste
 d - 2 potions of lignification {unknown}


   Skills:
 - Level 1.0 Fighting
 - Level 2.1 Dodging
 + Level 3.7 Unarmed Combat
 - Level 2.0 Spellcasting
 * Level 2.4 Transmutations


You had 5 spell levels left.
You knew the following spells:

 Your Spells              Type           Power        Failure   Level
a - Beastly Appendage     Tmut           #.....       10%         1

Your spell library contained the following spells:

 Spells                   Type           Power        Failure   Level
 Wereblood                Tmut           #.......     14%         2
 Spider Form              Tmut/Pois      #.........   43%         3
 Ice Form                 Ice/Tmut       #.......     83%         4
 Blade Hands              Tmut           #.........   95%         5


Dungeon Overview and Level Annotations

Branches:
Dungeon (2/15)

Altars:
Dithmenos


Innate Abilities, Weirdness & Mutations

You have a beak for a mouth.
You have claws for feet.
You have a pair of horns on your head.


Message History

You see here a pair of glowing gloves.
e - a pair of glowing gloves Your transformation is almost over.
The bat hits you but does no damage. The bat barely misses you.
The giant cockroach barely misses you.
It was a potion of haste.
You feel yourself speed up.
The ooze quivers.
The bat hits you.
* * * LOW HITPOINT WARNING * * *
The giant cockroach bites you but does no damage.
The bat misses you. The giant cockroach closely misses you.
A jackal and a dart slug come into view.
The jackal barks!
The bat barely misses you. x2
A giant cockroach comes into view.
A jackal comes into view.
Found a scroll labeled HIPRAECK MEZIX ETA and a scroll labeled KEQEM OHEMEHA.
Found a stone staircase leading down.
The jackal barks!
The bat barely misses you. The bat hits you.
You die...

..##...#.....#
........<#.###
..#.#..##...# ####
#.#.##..###.# .....
#...........##.J...
.##.###.!.#.#......
#......gBw.......
....#####.......B
...#. #@b.......
##.......lb.......
#.#...!.........
#............###
##.........#.#
#>..h>....##.#
...?hh.?#.. w
..#.....####


You could see a worm, an ooze, a leopard gecko, 3 jackals and 2 bats.

Vanquished Creatures
  An ooze (D:1)
  3 bats (D:1)
  A goblin (D:1)
  6 hobgoblins
  3 kobolds
  A frilled lizard (D:2)
  2 rats (D:1)
17 creatures vanquished.

Notes
Turn   | Place    | Note
-------+----------+-------------------------------------------
     0 | D:1      | kae the Tengu Transmuter began the quest for the Orb.
     0 | D:1      | Reached XP level 1. HP: 12/12 MP: 4/4
   352 | D:1      | Reached XP level 2. HP: 12/16 MP: 4/6
  1181 | D:2      | Found a shadowy altar of Dithmenos.
  1188 | D:2      | Reached XP level 3. HP: 3/20 MP: 5/7
  1195 | D:2      | HP: 1/20 [bat (1)]
  1199 | D:2      | Slain by a bat

Illustrated notes

Levels and vault maps discovered:
D:1:      erik_arrival_triangle_medium, layout_basic
D:2:      layout_rooms, grunt_dithmenos_smoke_and_mirrors,
          ebering_dispersal_statue_hall, minmay_domino_2,
          uniq_crazy_yiuf_cottage

Skill      XL: |  1 |
---------------+----+-----
Transmutations | 2 |  2.4
Fighting       | |  1.0
Dodging        | |  2.1
Unarmed Combat | |  3.7
Spellcasting   | |  2.0

Action                   || total
-------------------------++-------
Melee: Unarmed           ||    38
       Kick              ||     9
       Headbutt          ||     5
       Peck              ||     3
 Cast: Beastly Appendage ||     9
  Use: Potion            ||     1
Armor: Robe              ||    15
Dodge: Dodged            ||    39

Table legend: (Time is in decaauts)
 A = Elapsed time spent in this place.
 B = Non-inter-level travel time spent in this place.
 C = Inter-level travel time spent in this place.
 D = Time resting spent in this place.
 E = Time spent auto-exploring this place.
 F = Levels seen in this place.
 G = Mean time per level.
                   A        B        C        D        E       F      G
               +--------+--------+--------+--------+--------+-----+--------+
         Total |   1195 |   1175 |     20 |      0 |   1050 |   2 |  597.5 |
       Dungeon |   1195 |   1175 |     20 |      0 |   1050 |   2 |  597.5 |
               +--------+--------+--------+--------+--------+-----+--------+

Top non-repeatable levels by time:
     D:1: 1166 daAuts
     D:2: 29 daAuts
